 Dungeon Crawl Stone Soup version 0.26-a0-854-gdc81c2f471 (webtiles) character file.

Game seed: 8277697406252493723

672 robertstho the Slinger (level 7, 0/46 HPs)
             Began as a Halfling Hunter on Nov 23, 2020.
             Slain by a hound (1 damage)
             ... on level 4 of the Dungeon.
             The game lasted 00:05:30 (4000 turns).

robertstho the Slinger (Halfling Hunter)            Turns: 4000, Time: 00:05:31

Health: 0/46       AC: 10    Str: 15    XL:     7   Next: 90%
Magic:  16/16      EV: 10    Int:  9    God:
Gold:   109        SH: 11    Dex: 15    Spells: 6/6 levels left

rFire    . . .     SeeInvis .   a - +1 hunting sling
rCold    . . .     Faith    .   e - +2 kite shield
rNeg     . . .     Spirit   .   p - +0 scale mail
rPois    .         Reflect  .   (no helmet)
rElec    .         Harm     .   (no cloak)
rCorr    .         Rampage  .   (no gloves)
MR       .....                  (no boots)
Stlth    ..........             (no amulet)
HPRegen  0.15/turn              f - +4 ring of protection
MPRegen  0.15/turn              q - ring of magical power

@: no status effects
A: small, mutation resistance 1
a: no special abilities


You were on level 4 of the Dungeon.
You visited 1 branch of the dungeon, and saw 4 of its levels.
You also visited: Sewer.

You collected 109 gold pieces.

Inventory:

Hand Weapons
 a - a +1 hunting sling (weapon)
 o - a +0 short sword of electrocution
Missiles
 b - 9 poisoned darts
 k - 96 stones (quivered)
Armour
 e - a +2 kite shield (worn)
 p - a +0 scale mail (worn)
Jewellery
 f - a +4 ring of protection (left hand)
 q - a ring of magical power (right hand)
 r - an uncursed ring of ice
Scrolls
 c - 2 scrolls of blinking {unknown}
 g - a scroll of noise {unknown}
 h - 2 scrolls of identify {unknown}
 i - 4 scrolls of teleportation {unknown}
 j - 3 scrolls of enchant armour {unknown}
 n - a scroll of fear {unknown}
 s - a scroll of remove curse {unknown}
 t - a scroll of fog {unknown}
Potions
 l - a potion of curing {unknown}
 m - a potion of ambrosia {unknown}


   Skills:
 * Level 3.3 Fighting
 + Level 0.3 Short Blades
 * Level 10.4 Slings
 * Level 2.6 Armour
 + Level 2.7 Dodging
 + Level 1.4 Stealth
 + Level 2.1 Shields


You had 6 spell levels left.
You didn't know any spells.
Your spell library was empty.

Dungeon Overview and Level Annotations

Branches:
Dungeon (4/15)              Sewer (visited)
 Temple: D:4-7

Altars:
Elyvilon


Innate Abilities, Weirdness & Mutations

You are small and have problems with some larger weapons.
You are somewhat resistant to further mutation.


Message History

The sling bullet hits the orc but does no damage.
You block the hound's attack. The frilled lizard bites you.
Unknown command.
Firing (i - inventory. (/) - cycle)
k - 98 stones (quivered)
Press: ? - help, Shift-Dir - straight line, f/p - hound
Aim: a hound (heavily wounded)
You shoot a stone. The stone hits the hound!
The hound is almost dead.
The hound bites you.
The orc priest invokes the aid of Beogh against you.
Beogh smites you!
* * * LOW HITPOINT WARNING * * *
Firing (i - inventory. (/) - cycle)
k - 97 stones (quivered)
Press: ? - help, Shift-Dir - straight line, f/p - hound
Aim: a hound (almost dead)
You shoot a stone. The stone barely misses the hound.
The stone hits the orc.
The orc is moderately wounded.
The hound bites you but does no damage. You block the frilled lizard's attack.
The hound bites you.
You die...

# .. .#. #..### ..
....# #.####
#..##### ##......
#l@hol### ##.l.....
#####.oo###........
###..##........
##...........
###o......!.
###....^.. #(.(.<.$
#....(§. #....§§.


You could see a hound, an orc priest, 2 orcs and 2 frilled lizards.

Vanquished Creatures
  Sigmund (D:3)
  2 bullfrogs (Sewer)
  Terence (D:3)
  Natasha (twice) (D:3)
  5 gnolls
  A river rat (D:3)
  7 adders
  7 oozes (Sewer)
  6 worms
  2 dart slugs (D:1)
  16 leopard geckos
  3 orcs
  9 giant cockroaches
  6 goblins
  5 hobgoblins
  8 jackals
  7 kobolds
  15 ball pythons (Sewer)
  8 bats
  17 frilled lizards
  3 rats
131 creatures vanquished.

Vanquished Creatures (others)
  9 fungi (D:4)
9 creatures vanquished.

Grand Total: 140 creatures vanquished

Notes
Turn   | Place    | Note
-------+----------+-------------------------------------------
     0 | D:1      | robertstho the Halfling Hunter began the quest for the Orb.
     0 | D:1      | Reached XP level 1. HP: 14/14 MP: 1/1
    51 | D:1      | Reached skill level 6 in Slings
   164 | D:1      | Reached XP level 2. HP: 15/19 MP: 2/2
   550 | D:1      | Reached XP level 3. HP: 24/24 MP: 3/3
   583 | D:1      | Reached skill level 1 in Armour
   986 | D:2      | Reached skill level 7 in Slings
  1227 | D:2      | Reached XP level 4. HP: 29/29 MP: 4/4
  1378 | D:2      | Found a white marble altar of Elyvilon.
  1650 | D:2      | Reached skill level 1 in Shields
  1674 | D:2      | Reached XP level 5. HP: 34/34 MP: 5/5
  1701 | D:2      | Reached skill level 8 in Slings
  2218 | D:3      | Found a glowing drain.
  2245 | D:3      | Noticed Terence
  2257 | D:3      | Killed Terence
  2278 | Sewer    | Entered a sewer
  2294 | Sewer    | Reached XP level 6. HP: 32/41 MP: 6/6
  2828 | Sewer    | Reached skill level 9 in Slings
  2951 | Sewer    | Reached XP level 7. HP: 42/45 MP: 7/7
  3307 | D:3      | Noticed Natasha
  3309 | D:3      | Killed Natasha
  3377 | D:3      | Noticed Sigmund
  3390 | D:3      | Killed Sigmund
  3391 | D:3      | Reached skill level 10 in Slings
  3447 | D:3      | Noticed Natasha
  3452 | D:3      | Killed Natasha
  3999 | D:4      | HP: 1/46 [orc priest/divine providence (13)]
  4000 | D:4      | Slain by a hound

Illustrated notes

Levels and vault maps discovered:
D:1:      dpeg_arrival_round_b, layout_basic
D:2:      layout_loops_corners, overflow_temple_1_default
D:3:      layout_loops_cross, cheibrodos_sewer_entry_sluice, uniq_sigmund,
          uniq_natasha, uniq_terence
D:4:      layout_rooms, temple_hall, serial_aquarium, aquarium_bridge_straight
          [aquarium_subvault_bridge, aquarium_subvault_window,
          aquarium_subvault_bridge, aquarium_subvault_wall],
          aquarium_bridge_straight [aquarium_subvault_bridge,
          aquarium_subvault_window, aquarium_subvault_bridge,
          aquarium_subvault_wall], aquarium_window_fake, aquarium_window_1,
          aquarium_window_corner, aquarium_view_2e, aquarium_view_2a

Skill      XL: |  1  2  3  4  5  6  7 |
---------------+----------------------+-----
Slings         | 6 7 8 9 10 | 10.4
Armour         | 1 2 |  2.6
Fighting       | 2 3 |  3.3
Shields        | 1 2 |  2.1
Short Blades   | |  0.3
Dodging        | |  2.7
Stealth        | |  1.4

Action                   |  1- 3 |  4- 6 |  7- 9 || total
-------------------------+-------+-------+-------++-------
Melee: Short sword       |     4 |     8 |     2 ||    14
 Fire: Hunting sling     |    80 |   261 |    95 ||   436
Armor: Leather armour    |    22 |     7 |       ||    29
       Scale mail        |       |    40 |    11 ||    51
Dodge: Dodged            |    33 |    79 |    13 ||   125
Block: Kite shield       |    26 |    92 |    24 ||   142

Table legend: (Time is in decaauts)
 A = Elapsed time spent in this place.
 B = Non-inter-level travel time spent in this place.
 C = Inter-level travel time spent in this place.
 D = Time resting spent in this place.
 E = Time spent auto-exploring this place.
 F = Levels seen in this place.
 G = Mean time per level.
                   A        B        C        D        E       F      G
               +--------+--------+--------+--------+--------+-----+--------+
         Total |   4084 |   3966 |    118 |      0 |   2961 |   5 |  816.8 |
       Dungeon |   3067 |   2949 |    118 |      0 |   2362 |   4 |  766.8 |
         Sewer |   1016 |   1016 |      0 |      0 |    599 |   1 | 1016.0 |
               +--------+--------+--------+--------+--------+-----+--------+

Top non-repeatable levels by time:
     D:2: 1201 daAuts
   Sewer: 1016 daAuts
     D:1: 980 daAuts
     D:3: 861 daAuts
     D:4: 24 daAuts
